AoeStats
← life is nice ツ

Arabian Desert

509585559Analyzed
1v1 RM · 5d ago on Sep 27, 2026· 26m 56s· 2 players
Game mode
Random Map
Map size
Tiny (2 player)
Population
200
Speed
Normal
Resources
Standard
Victory
Conquest
Starting age
Dark Age
Ending age
Imperial Age
RankedLock teamsTeams togetherTeam positionsShared explorationLock speedFull tech treeHidden civsTurbo modeCheats
Victory
Defeat
🇩🇪 Varangians · Germany
867
+49
🇪🇸 Burgundians · Spain
901
-51
life is nice ツ
5:08 Loom
10:41 Feudal Age
12:52 Wheelbarrow
14:11 Wheelbarrow
16:50 Castle Age
Loquisimo
2:09 Wheelbarrow
7:08 Double-Bit Axe
15:10 Feudal Age
14:47 Gold Mining
22:45 Scale Mail Armor
22:45 Padded Archer Armor
Connection lost

Rejoining the realm…

Still unreachable

The connection could not be restored.

Session expired

The server has moved on; the page needs a fresh start.